 Dungeon Crawl Stone Soup version 0.19.1 (webtiles) character file.

14834 Bitard the Spear-Bearer (level 11, -4/99 HPs)
             Began as a Minotaur Berserker on Dec 12, 2016.
             Was a Priest of Trog.
             Slain by a killer bee (5 damage)
             ... on level 11 of the Dungeon.
             The game lasted 01:58:58 (9723 turns).

Bitard the Spear-Bearer (Minotaur Berserker)        Turns: 9723, Time: 01:59:01

Health: -4/99      AC: 18    Str: 31 (32) XL:     11   Next: 93%
Magic:  10/10      EV:  4    Int:  1 (4)  God:    Trog [***...]
Gold:   310        SH: 18    Dex:  3 (5)  Spells: 0 memorised, 10 levels left

rFire  . . .     SeeInvis .     j - +5 eveningstar
rCold  + . .     Gourm    .     s - +0 plate armour
rNeg   . . .     Faith    .     X - +0 large shield
rPois  +         Spirit   .     (helmet unavailable)
rElec  .         Reflect  +     (no cloak)
rCorr  .         Harm     .     l - +0 pair of gloves
MR     +....                    h - +0 pair of boots
Stlth  ..........               k - +4 amulet of reflection
                                x - +4 ring of strength
                                o - ring of protection from cold

@: exhausted, about to teleport, slowed, very slow
A: retaliatory headbutt, horns 3, blink, clumsy 2, deterioration 2, magic
resistance 1, poison resistance, strong 1
a: Blink, Berserk, Trog's Hand, Burn Spellbooks, Renounce Religion


You were on level 11 of the Dungeon.
You worshipped Trog.
Trog was most pleased with you.
You were very hungry.

You visited 1 branch of the dungeon, and saw 11 of its levels.

You collected 688 gold pieces.
You spent 378 gold pieces at shops.

Inventory:

Hand Weapons
 d - a +2 war axe of freezing
 j - a +5 eveningstar (weapon)
 J - a +6 antimagic glaive
 Y - a +5 battleaxe
 Z - a +0 falchion of draining
Missiles
 C - 2 javelins of returning
 L - 8 tomahawks (quivered)
 O - a throwing net
 W - 6 javelins
Armour
 h - a +0 pair of boots (worn)
 i - a +1 chain mail of fire resistance
 l - a +0 pair of gloves (worn)
 q - a +0 plate armour
 s - a +0 plate armour (worn)
 U - a +0 plate armour
 V - a +0 chain mail
 X - a +0 large shield (worn)
Magical Staves
 u - an uncursed staff of conjuration {unknown}
Jewellery
 k - a +4 amulet of reflection (around neck)
 o - a ring of protection from cold (left hand)
 x - a +4 ring of strength (right hand)
 I - an uncursed ring of protection from cold
Wands
 b - a wand of acid (10/15)
 r - a wand of digging (8/24)
 y - a wand of polymorph (10/24)
 F - a wand of paralysis (15/24)
 K - a wand of confusion (40/48)
Scrolls
 e - a scroll of magic mapping {unknown}
 n - 8 scrolls of remove curse
 t - a scroll of teleportation
 D - 2 scrolls of enchant armour {unknown}
 G - a scroll of amnesia {unknown}
 Q - a scroll of fog {unknown}
 R - a scroll of fear {unknown}
Potions
 a - 2 potions of magic {unknown}
 f - a potion of resistance {unknown}
 m - 3 potions of invisibility
 v - 2 potions of flight {unknown}
 w - a potion of cancellation {unknown}
 z - 3 potions of mutation {unknown}
 A - 2 potions of berserk rage {unknown}
 B - 4 potions of agility {unknown}
 E - a potion of brilliance {unknown}
 H - a potion of haste
 M - 2 potions of curing
 P - a potion of degeneration {unknown}
Comestibles
 c - 4 bread rations
 g - 7 meat rations
 p - 2 fruits
 N - a beef jerky
 S - a slice of pizza
 T - 2 royal jellies


   Skills:
 + Level 9.8 Fighting
 + Level 6.5(11.5) Axes
 + Level 1.4(4.3) Maces & Flails
 + Level 14.4(14.9) Polearms
 + Level 5.9 Throwing
 + Level 11.0 Armour
 + Level 5.1 Dodging
 + Level 1.6 Shields


You had 10 spell levels left.
You didn't know any spells.

Dungeon Overview and Level Annotations

Branches:
Dungeon (11/15)            Temple (0/1) D:7            Lair (0/6) D:8
    Orc (0/2) D:11

Altars:
Ashenzari
Fedhas
Kikubaaqudgha
Nemelex Xobeh
Okawaru
Ru
Uskayaw
Xom
Zin

Shops:
D:8 =   D:11 =

Annotations:
D:11 exclusion: oklob plant


Innate Abilities, Weirdness & Mutations

You reflexively headbutt those who attack you in melee.
You have a pair of large horns on your head.
You can translocate small distances at will.
You are very clumsy. (Dex -4)
Your body often deteriorates upon taking damage.
You are resistant to hostile enchantments. (MR+)
Your system is resistant to poisons. (rPois)
Your muscles are strong. (Str +2)


Message History

You block the killer bee's attack.
The killer bee stings you but does no damage. x4
As you read the scroll of teleportation, it crumbles to dust.
You feel strangely stable. You block the killer bee's attack.
The killer bee stings you but does no damage.
You block the killer bee's attack. The killer bee stings you.
* * * LOW HITPOINT WARNING * * *
The killer bee stings you but does no damage. x2
The killer bee barely misses you.
The killer bee stings you but does no damage.
You block the killer bee's attack. x3
The killer bee stings you but does no damage.
As you read the scroll of teleportation, it crumbles to dust.
You feel strangely unstable. You block the killer bee's attack. x2
The killer bee stings you but does no damage.
The killer bee barely misses you. You furiously retaliate!
You headbutt the killer bee!
The killer bee stings you but does no damage.
The killer bee stings you.
You die...

#. ##.#.#......#.........
$/#..#..#......#.........
#(............#.........
..#.#.†.......#.........
..#..........##########
#.............
#.#....F........ ##
#....yyy..%.... #.
#.#...y@........ #.
....##.......... #. .....
#...#...... #.
..........#...... .... #.
......# ###.. ... #.
P.≈.P.≈.# # $.. #.
≈≈≈≈≈≈≈≈≈ ..####.
≈≈≈≈≈≈≈≈≈ #.#.... #.#....


You could see a bullfrog and 4 killer bees.

Vanquished Creatures
  Gastronok (D:9)
  The ghost of kuus the Basher, a novice MiFi of Yredelemnul (D:7)
  An unseen horror (D:10)
  An ugly thing (D:11)
  Joseph (D:9)
  Psyche (D:8)
  2 centaur zombies
  A merfolk (D:10)
  2 trolls
  A two-headed ogre (D:9)
  2 hippogriffs (D:7)
  Sigmund (D:6)
  2 wyverns
  Eustachio (D:4)
  5 wraiths
  A steam dragon (D:11)
  Grum (D:8)
  A hungry ghost (D:7)
  2 black bears
  Duvessa (D:4)
  5 sky beasts
  An ice beast (D:11)
  5 orc warriors
  2 phantoms
  6 ogres
  3 wolves (D:8)
  4 centaurs
  A crocodile (D:10)
  2 big kobolds (D:11)
  Blork the orc (D:5)
  5 bullfrogs
  Dowan (D:4)
  A wyvern skeleton (D:5)
  2 scorpions
  17 killer bees
  12 wights
  4 crimson imps
  A quasit (D:6)
  3 gnoll shamans (D:4)
  5 orc priests
  5 hounds
  A bullfrog skeleton (D:7)
  Jessica (D:2)
  8 orc wizards
  15 worker ants
  3 hound skeletons
  2 howler monkey zombies
  7 adders
  47 gnolls
  A river rat (D:8)
  An adder zombie (D:9)
  3 adder skeletons
  4 worms
  2 dart slugs
  3 leopard geckos
  35 orcs
  3 bat zombies
  7 giant cockroaches
  7 goblins
  6 hobgoblins
  35 jackals
  4 quokkas
  4 bats
  2 frilled lizards (D:3)
  A jackal skeleton (D:4)
  12 kobolds
  6 rats
  A rat zombie (D:7)
336 creatures vanquished.

Vanquished Creatures (collateral kills)
  Josephine (D:10)
  Urug (D:11)
  A cyclops (D:11)
  A troll (D:11)
  A wraith (D:10)
  2 orc warriors
  4 killer bees (D:10)
  A jelly (D:11)
  2 orc priests
  2 orc wizards (D:10)
  An iguana (D:10)
  6 orcs
  A jackal (D:11)
24 creatures vanquished.

Vanquished Creatures (others)
  A kobold (D:11)
  10 fungi (D:8)
  2 plants (D:8)
13 creatures vanquished.

Grand Total: 373 creatures vanquished

Notes
Turn   | Place    | Note
-------+----------+-------------------------------------------
     0 | D:1      | Bitard the Minotaur Berserker began the quest for the Orb.
     0 | D:1      | Reached XP level 1. HP: 19/19 MP: 0/0
   165 | D:1      | Reached XP level 2. HP: 27/27 MP: 1/1
   892 | D:2      | Found a sparkling altar of Nemelex Xobeh.
  1012 | D:2      | Reached XP level 3. HP: 30/33 MP: 2/2
  1021 | D:2      | Reached ** piety under Trog
  1365 | D:2      | Noticed Jessica
  1371 | D:2      | Killed Jessica
  1408 | D:2      | Found a glowing silver altar of Zin.
  1566 | D:3      | Reached XP level 4. HP: 41/41 MP: 3/3
  1603 | D:3      | Reached skill level 5 in Axes
  1750 | D:3      | Found a blossoming altar of Fedhas.
  1823 | D:3      | Reached XP level 5. HP: 44/47 MP: 4/4
  2399 | D:4      | Reached XP level 6. HP: 52/55 MP: 5/5
  2428 | D:4      | Noticed Eustachio
  2448 | D:4      | Killed Eustachio
  2448 | D:4      | Reached *** piety under Trog
  2448 | D:4      | Reached skill level 5 in Fighting
  2448 | D:4      | Reached skill level 1 in Polearms
  2452 | D:4      | Reached skill level 2 in Polearms
  2621 | D:4      | Found a shimmering altar of Xom.
  2627 | D:4      | Noticed Duvessa
  2628 | D:4      | Noticed Dowan
  2631 | D:4      | Killed Duvessa
  2631 | D:4      | Reached skill level 3 in Polearms
  2631 | D:4      | Reached XP level 7. HP: 61/61 MP: 6/6
  2634 | D:4      | Killed Dowan
  2634 | D:4      | Reached skill level 4 in Polearms
  2858 | D:4      | Reached skill level 5 in Armour
  2931 | D:4      | Reached skill level 5 in Polearms
  2962 | D:4      | Reached **** piety under Trog
  3075 | D:4      | Reached skill level 1 in Throwing
  3075 | D:4      | Reached XP level 8. HP: 69/69 MP: 7/7
  3077 | D:4      | Reached skill level 6 in Polearms
  3438 | D:4      | Reached skill level 7 in Polearms
  3603 | D:5      | Entered Level 5 of the Dungeon
  3947 | D:5      | Noticed Blork the orc
  3957 | D:5      | Killed Blork the orc
  4156 | D:5      | Reached skill level 8 in Polearms
  4859 | D:6      | Noticed Sigmund
  4867 | D:6      | Killed Sigmund
  4867 | D:6      | Reached XP level 9. HP: 69/78 MP: 8/8
  4984 | D:7      | Found a sacrificial altar of Ru.
  5004 | D:7      | Reached skill level 9 in Polearms
  5018 | D:7      | Reached ***** piety under Trog
  5055 | D:7      | Received a gift from Trog
  5079 | D:7      | Noticed kuus's ghost (novice MiFi)
  5121 | D:7      | HP: 3/78 [kuus's ghost (3)]
  5132 | D:7      | HP: 3/78 [hippogriff (5)]
  5157 | D:7      | Killed kuus's ghost
  5157 | D:7      | Reached skill level 10 in Polearms
  5476 | D:7      | Found a blossoming altar of Fedhas.
  5527 | D:7      | Gained mutation: You have a pair of large horns on your head. [mutagenic meat]
  5528 | D:7      | Gained mutation: Your system is resistant to poisons. (rPois) [mutagenic meat]
  5532 | D:7      | Gained mutation: You are resistant to hostile enchantments. (MR+) [mutagenic meat]
  5537 | D:7      | Gained mutation: You are clumsy. (Dex -2) [mutagenic meat]
  5538 | D:7      | Gained mutation: You are very clumsy. (Dex -4) [mutagenic meat]
  5539 | D:7      | Gained mutation: You can translocate small distances at will. [mutagenic meat]
  5570 | D:7      | Found a staircase to the Ecumenical Temple.
  5574 | D:7      | Found an iron altar of Okawaru.
  5679 | D:7      | Reached XP level 10. HP: 86/86 MP: 3/9
  5827 | D:7      | Found an ancient bone altar of Kikubaaqudgha.
  5961 | D:8      | Found Aptoshreimi's Jewellery Boutique.
  5977 | D:8      | Noticed Psyche
  5985 | D:8      | Killed Psyche
  5985 | D:8      | Reached skill level 11 in Polearms
  6057 | D:8      | Bought a +4 ring of strength for 378 gold pieces
  6539 | D:8      | Reached skill level 5 in Dodging
  6557 | D:8      | Found a staircase to the Lair.
  6558 | D:8      | Noticed Grum
  6564 | D:8      | Killed Grum
  6651 | D:8      | Reached skill level 12 in Polearms
  6750 | D:8      | Noticed a dagger
  6750 | D:8      | Noticed a dagger
  6751 | D:8      | Found a hide-covered altar of Uskayaw.
  6939 | D:9      | Noticed Gastronok
  6948 | D:9      | Killed Gastronok
  7103 | D:9      | Reached skill level 13 in Polearms
  7106 | D:9      | Reached XP level 11. HP: 85/95 MP: 3/10
  7161 | D:9      | Received a gift from Trog
  7203 | D:9      | Noticed Joseph
  7217 | D:9      | Killed Joseph
  7380 | D:9      | Reached skill level 10 in Armour
  7730 | D:10     | Entered Level 10 of the Dungeon
  7801 | D:10     | Reached skill level 5 in Throwing
  7869 | D:10     | Killed an unseen horror
  7889 | D:10     | Found a shattered altar of Ashenzari.
  7938 | D:10     | Noticed Josephine
  7949 | D:10     | Killed Josephine
  8718 | D:11     | Found Winyr's Jewellery Emporium.
  8750 | D:11     | Gained mutation: Your body sometimes deteriorates upon taking damage. [mutagenic meat]
  8751 | D:11     | Gained mutation: Your body often deteriorates upon taking damage. [mutagenic meat]
  8752 | D:11     | Gained mutation: Your muscles are strong. (Str +2) [mutagenic meat]
  8802 | D:11     | Reached skill level 14 in Polearms
  8830 | D:11     | Gained mutation: Your spells are a little easier to cast, but a little less powerful. [mutagenic meat]
  8831 | D:11     | Lost mutation: Your spells are a little easier to cast, but a little less powerful. [mutagenic meat]
  8871 | D:11     | Noticed an oklob plant
  8950 | D:11     | Found a staircase to the Orcish Mines.
  9017 | D:11     | Found a shimmering altar of Xom.
  9022 | D:11     | Noticed Urug
  9041 | D:11     | Killed Urug
  9404 | D:11     | Noticed a green ugly thing
  9420 | D:11     | Killed a green ugly thing
  9420 | D:11     | Reached skill level 1 in Shields
  9559 | D:11     | Reached skill level 1 in Maces & Flails
  9673 | D:11     | Received a gift from Trog
  9722 | D:11     | HP: 1/99 [killer bee (5)]
  9723 | D:11     | Slain by a killer bee

Skill      XL: |  1  2  3  4  5  6  7  8  9 10 11 |
---------------+----------------------------------+-----
Axes           | 4 5 6 |  6.5
Fighting       | 4 5 6 7 8 9 |  9.8
Armour         | 3 4 5 6 8 9 11 | 11.0
Dodging        | 3 4 5 |  5.1
Polearms       | 3 5 8 10 13 14 | 14.4
Throwing       | 1 2 4 5 |  5.9
Shields        | 1 |  1.6
Maces & Flails | 1 |  1.4

Action                   |  1- 3 |  4- 6 |  7- 9 | 10-12 || total
-------------------------+-------+-------+-------+-------++-------
Melee: Hand axe          |    49 |    17 |       |       ||    66
       Headbutt          |    12 |     8 |    57 |    40 ||   117
       War axe           |       |    32 |       |       ||    32
       Trident           |       |    32 |   202 |       ||   234
       Glaive            |       |       |    71 |   247 ||   318
       Eveningstar       |       |       |       |    55 ||    55
Throw: Throwing net      |       |     1 |     1 |       ||     2
       Tomahawk          |       |       |    27 |    55 ||    82
       Javelin           |       |       |     7 |    16 ||    23
Invok: Berserk           |     3 |     5 |    10 |     9 ||    27
       Trog's Hand       |       |     1 |     4 |     4 ||     9
       Burn Spellbooks   |       |       |       |     2 ||     2
       Brothers in Arms  |       |       |       |     8 ||     8
 Abil: Blink             |       |       |       |     2 ||     2
  Use: Scroll            |     2 |     6 |     3 |     7 ||    18
       Potion            |       |       |    10 |     4 ||    14
  Eat: Chunk             |     2 |     2 |    22 |    17 ||    43
       Bread ration      |     1 |       |       |     2 ||     3
       Fruit             |       |     5 |     6 |    12 ||    23
Armor: Animal skin       |     2 |       |       |       ||     2
       Leather armour    |     3 |       |       |       ||     3
       Ring mail         |       |    23 |    31 |       ||    54
       Chain mail        |       |       |    43 |    46 ||    89
       Plate armour      |       |       |       |   283 ||   283
Dodge: Dodged            |    24 |    44 |   123 |   177 ||   368
Block: Other             |       |       |    46 |    62 ||   108
       Reflection        |       |       |     1 |     7 ||     8
       Large shield      |       |       |       |   127 ||   127
